 Dungeon Crawl Stone Soup version 0.31-a0-521-gc7390f8997 (webtiles) character file.

Game seed: 11813324035907442476

3052 Gelion the Mimic (level 9, -1/63 HPs)
             Began as an Octopode Shapeshifter on Aug 11, 2023.
             Was an Initiate of Gozag.
             Slain by an orc warrior
             ... wielding a +0 broad axe
              (14 damage)
             ... in a bailey.
             The game lasted 00:11:03 (7926 turns).

Gelion the Mimic (Octopode Shapeshifter)            Turns: 7926, Time: 00:11:04

Health: -1/63      AC:  5    Str: 14    XL:     9   Next: 87%
Magic:  9/9        EV: 13    Int: 10    God:    Gozag
Gold:   1090       SH:  0    Dex: 17    Spells: 8/8 levels left

rFire   . .          .
                       - Unarmed
rCold   . . .        (shield currently unavailable)
rNeg    . . .        (helmet restricted)
rPois   .            (no amulet)
rElec   .            e - +4 ring of protection
rCorr   .            (no ring)
SInv    .            (no ring)
Will    .....        (no ring)
Stlth   +            (no ring)
HPRegen 0.30/turn    (no ring)
MPRegen 0.11/turn    (no ring)
                     (no ring)

%: no passive effects
@: flux-form, marked, gold aura, glowing
A: glow, contaminating, almost no armour, amphibious, 8 rings, camouflage 1,
gelatinous body 1, (nimble swimmer 1), tentacles
a: Begin Untransformation, Renounce Religion, Potion Petition, Call Merchant,
Bribe Branch


You were in a bailey.
You worshipped Gozag.
Gozag was most pleased with you.
You were something dangerously unstable.
You visited 2 branches of the dungeon, and saw 10 of its levels.
You also visited: Bailey.

You collected 1156 gold pieces.
You paid 66 gold pieces to Gozag.

Inventory:

Jewellery
 e - a +4 ring of protection (left tentacle)
 r - the ring "Getud" {rC+ rN+ Int-4 Dex+2}
   (You took it off a kobold in a bailey)

   [ring of positive energy]

   Int-4:     It affects your intelligence (-4).
   Dex+2:     It affects your dexterity (+2).
   rC+:       It protects you from cold.
   rN+:       It protects you from negative energy.
Talismans
 c - a flux talisman (active)
Wands
 a - a wand of polymorph (4)
 l - a wand of acid (6)
 m - a wand of roots (6)
Scrolls
 f - a scroll of teleportation
 i - 2 scrolls of blinking
 k - a scroll of fear
 p - a scroll of silence
 q - a scroll of identify
Potions
 b - a potion of resistance
 d - 2 potions of curing
 g - a potion of might {unknown}
 h - 4 potions of mutation
 j - 2 potions of enlightenment
 n - a potion of cancellation {unknown}
 o - a potion of invisibility


   Skills:
 + Level 6.6 Fighting
 - Level 2.0 Dodging
 + Level 7.4 Unarmed Combat
 * Level 8.6 Shapeshifting


You had 8 spell levels left.
You didn't know any spells.
Your spell library contained the following spells:

 Spells                   Type           Power      Damage    Failure   Level
 Apportation              Tloc           0%         N/A       36%         1
 Necrotise                Necr           0%         1d4       36%         1
 Sting                    Tmut/Pois      0%         1d3       36%         1
 Cigotuvi's Dreadful Rot  Necr/Pois/Air  0%         N/A       50%         2
 Poisonous Vapours        Pois/Air       0%         N/A       50%         2
 Scorch                   Fire           0%         2d5       50%         2
 Ignite Poison            Fire/Tmut/Pois 0%         N/A       75%         3
 Vampiric Draining        Necr           0%         2d6       75%         3
 Flame Wave               Conj/Fire      0%         2d4       98%         4
 Olgreb's Toxic Radiance  Pois           0%         N/A       98%         4
 Agony                    Necr           0%         N/A       100%        5
 Alistair's Intoxication  Tmut/Pois      0%         N/A       100%        5
 Freezing Cloud           Conj/Ice/Air   0%         6-21      100%        5
 Summon Cactus Giant      Summ           0%         N/A       100%        6


Dungeon Overview and Level Annotations

Branches:
Dungeon (9/15)             Temple (1/1) D:4          Bailey (1/1)
   Lair: D:8-11         Orc: D:9-12

Altars:
Ashenzari
Cheibriados
Dithmenos
Elyvilon
Fedhas
Gozag
Hepliaklqana
Kikubaaqudgha
Makhleb
Nemelex Xobeh
Okawaru
Qazlal
Ru
Sif Muna
Trog
Uskayaw
Vehumet
Wu Jian
Xom
Yredelemnul
Zin
The Shining One

Annotations:
D:8 3 runed translucent doors, Gelion's ghost, novice OpSh


Innate Abilities, Weirdness & Mutations

You are something dangerously unstable.
You glow with magical radiation, making you easy to see and hit.
Foes you strike become dangerously contaminated with magical radiation.
You are incapable of wielding weapons or throwing items.
You cannot wear most types of armour.
You are amphibious.
You can wear up to eight rings at the same time.
Your skin changes colour to match your surroundings (Stealth+).
Your rubbery body absorbs attacks. (AC +1, EV +1)
((You are camouflaged when in or above water. (Stealth+)))
You have tentacles for arms and can constrict up to eight enemies at once.


Message History

You kill the gnoll!
An orc warrior comes into view. It is wielding a +0 broad axe.
You barely miss the orc warrior. Your grab misses the orc warrior.
You squeeze the orc warrior, but do no damage.
You barely miss the orc warrior. You grab the orc warrior.
You squeeze the orc warrior.
The orc warrior is moderately wounded.
You constrict the orc warrior.
The orc warrior hits you with a +0 war axe!
You tentacle-slap the orc warrior.
The orc warrior begins to glow.
The orc warrior is moderately wounded.
You constrict the orc warrior.
The orc warrior hits you with a +0 war axe.
You bludgeon the orc warrior!
The orc warrior glows dangerously bright.
You squeeze the orc warrior!
The orc warrior is almost dead.
You constrict the orc warrior.
You kill the orc warrior!
You closely miss the orc. You grab the orc. You squeeze the orc!
You kill the orc!
You tentacle-slap the hobgoblin but do no damage.
The hobgoblin begins to glow.
You grab the hobgoblin. You constrict the hobgoblin.
The hobgoblin closely misses you.
The orc warrior is distracted by your dazzling golden aura.
The orc warrior shouts!
You bludgeon the hobgoblin!
You kill the hobgoblin!
The orc warrior is no longer distracted by gold.
The orc warrior closely misses you.
Items here: $ ( ))))) = [[[[.
Found a potion of enlightenment.
The orc warrior hits you with a +0 broad axe!
* * * LOW HITPOINT WARNING * * *
You tentacle-slap the orc warrior.
The orc warrior begins to glow.
Your grab misses the orc warrior.
The orc warrior is lightly wounded.
The orc warrior hits you with a +0 broad axe!
You die...
Your body crumbles into a pile of gold.

##..∩......####
##.............####
###~≈≈≈≈≈≈≈≈........###
###≈≈≈≈≈≈≈≈≈≈≈≈≈≈.......##
###≈≈≈≈#########≈≈≈≈≈......#
####≈≈≈≈≈∩#...[...#∩≈≈≈≈≈≈~....
###≈≈≈≈≈≈####.......####.≈≈~≈≈≈≈≈
≈≈≈≈≈≈≈((#..####'####..#.....~≈≈≈
≈≈≈≈≈~.###......B$..$..###......#
≈≈≈≈...# '..####o####..#.#.....##
###....###..# .... #.$#'#.......
##...'.#..#...... #..#.(..⌠....
##..######....!..##'#.........
#.......#########)..........#
##.......)..)...((.).....####
###########.#############
##...#.#.....#


You could see an orc warrior (contam).

Vanquished Creatures
  A wyvern (D:8)
  2 steam dragons (D:7)
  4 water moccasins
  A black bear (D:8)
  4 orc warriors
  An ice beast (D:7)
  2 ogres
  3 centaurs
  A phantom (D:6)
  3 bullfrogs (D:7)
  3 scorpions
  2 jellies
  4 hounds
  4 orc priests
  An iguana (D:5)
  5 orc wizards
  Natasha (D:3)
  6 gnolls
  6 adders
  2 shadow imps
  A white imp (D:6)
  An ufetubus (D:6)
  2 worms (D:2)
  45 orcs
  12 ball pythons
  7 endoplasms
  5 giant cockroaches (D:2)
  12 goblins
  13 hobgoblins
  A quokka (D:1)
  5 bats
  10 frilled lizards
  19 kobolds
  8 rats
197 creatures vanquished.

Notes
Turn   | Place    | Note
-------+----------+-------------------------------------------
     0 | D:1      | Gelion the Octopode Shapeshifter began the quest for the
                  | Orb.
     0 | D:1      | Reached XP level 1. HP: 13/13 MP: 1/1
   124 | D:1      | Reached XP level 2. HP: 18/18 MP: 2/2
   566 | D:2      | Reached XP level 3. HP: 23/23 MP: 3/3
   797 | D:2      | Reached XP level 4. HP: 29/29 MP: 4/4
   980 | D:2      | Reached skill level 4 in Shapeshifting
  1339 | D:2      | Reached XP level 5. HP: 34/34 MP: 5/5
  1868 | D:3      | Found a sacrificial altar of Ru.
  1868 | D:3      | Found a radiant altar of Vehumet.
  1920 | D:3      | Noticed Natasha
  1926 | D:3      | Killed Natasha
  2180 | D:3      | Reached XP level 6. HP: 41/41 MP: 6/6
  2755 | D:4      | Found a staircase to the Ecumenical Temple.
  2767 | Temple   | Found a transporter.
  2767 | Temple   | Found a transporter.
  2767 | Temple   | Found a transporter.
  2767 | Temple   | Found a transporter.
  2767 | Temple   | Entered the Ecumenical Temple
  2783 | Temple   | Became a worshipper of Gozag Ym Sagoz the Greedy
  3003 | D:4      | Found a broken altar of Ashenzari.
  3138 | D:5      | Entered Level 5 of the Dungeon
  3177 | D:5      | Reached skill level 5 in Shapeshifting
  3241 | D:5      | Reached XP level 7. HP: 45/46 MP: 7/7
  4108 | D:6      | Reached skill level 5 in Unarmed Combat
  4742 | D:6      | Reached skill level 6 in Shapeshifting
  4742 | D:6      | Reached XP level 8. HP: 54/54 MP: 8/8
  5458 | D:7      | Reached skill level 5 in Fighting
  5560 | D:7      | Reached skill level 7 in Shapeshifting
  5822 | D:7      | Reached XP level 9. HP: 46/61 MP: 9/9
  6850 | D:8      | Reached skill level 8 in Shapeshifting
  7420 | D:8      | Found a runed translucent gate.
  7420 | D:8      | Found a runed translucent gate.
  7422 | D:8      | Found a runed translucent gate.
  7423 | D:8      | Noticed Gelion's ghost (novice OpSh)
  7649 | D:9      | Found a flagged portal.
  7685 | Bailey   | Entered a bailey
  7780 | Bailey   | Identified the ring "Getud" {rC+ rN+ Int-4 Dex+2}
  7818 | Bailey   | Identified the +1 mace of the Salmon {flame, rPois SInv}
  7909 | Bailey   | Identified the +4 double sword "Goblin's Undoing" {heavy,
                  | rElec rC+ Str+2}
  7926 | Bailey   | Slain by an orc warrior

Illustrated notes

Levels and vault maps discovered:
D:1:      dpeg_arrival_court, layout_rooms, minmay_misc_feat_hallway,
          minmay_lizard_pond
D:2:      layout_basic, chequers_mini_garden, dk_noncrumbling_3,
          kennysheep_generic_room_16
D:3:      minmay_chambers_of_threes, layout_basic,
          gammafunk_temple_overflow_wave, uniq_natasha
D:4:      layout_basic, kennysheep_mini_moat,
          minmay_temple_entry_drinking_statues
D:5:      layout_gridville
D:6:      layout_gridville, skrybe_limestone_x, water_boxes_lemuel
D:7:      layout_basic
D:8:      layout_basic, serial_co_window_serial, co_window_of_opportunity_a,
          co_window_paths_a, co_window_paths_a, co_window_of_opportunity_a,
          co_window_paths_a, co_window_2corner, co_window_broadway_a,
          co_window_cross_2, glass_columns_c, glass_columns_b, glass_columns_a,
          gammafunk_ghost_spectres
D:9:      layout_basic, enter_bailey_5, serial_rivers,
          chequers_serial_rivers_micro_e, chequers_serial_rivers_marsh,
          chequers_serial_rivers_large_a, chequers_serial_rivers_micro_a,
          chequers_serial_rivers_small_3, uniq_maggie, uniq_pikel
Temple:   hellmonk_temple_divided_pantheon
Bailey:   bailey_axe_4, bailey

Skill      XL: |  1  2  3  4  5  6  7  8  9 |
---------------+----------------------------+-----
Fighting       | 2 3 4 5 6 |  6.6
Shapeshifting  | 4 5 6 7 8 |  8.6
Unarmed Combat | 4 5 6 7 |  7.4
Dodging        | |  2.0

Action                     |  1- 3 |  4- 6 |  7- 9 || total
---------------------------+-------+-------+-------++-------
  Melee: Unarmed           |    60 |   124 |   253 ||   437
         Constrict         |    20 |    37 |    59 ||   116
         Tentacles         |    12 |    25 |    82 ||   119
         Punch             |     2 |     2 |     6 ||    10
    Use: Scroll            |       |    10 |     4 ||    14
         Potion            |       |     1 |     3 ||     4
   Stab: Sleeping          |     4 |     9 |     5 ||    18
         Distracted        |       |       |     3 ||     3
 Armour: Skin              |     8 |    17 |    43 ||    68
  Dodge: Dodged            |    48 |    67 |   142 ||   257
   Form: Flux              |       |       |     1 ||     1

Table legend: (Time is in decaauts)
 A = Elapsed time spent in this place.
 B = Non-inter-level travel time spent in this place.
 C = Inter-level travel time spent in this place.
 D = Time resting spent in this place.
 E = Time spent auto-exploring this place.
 F = Levels seen in this place.
 G = Mean time per level.
                   A        B        C        D        E       F      G
               +--------+--------+--------+--------+--------+-----+--------+
         Total |   7886 |   7535 |    351 |     64 |   6287 |  11 |  716.9 |
       Dungeon |   7611 |   7265 |    346 |     64 |   6152 |   9 |  845.7 |
        Temple |     38 |     33 |      5 |      0 |      0 |   1 |   38.0 |
        Bailey |    236 |    236 |      0 |      0 |    135 |   1 |  236.0 |
               +--------+--------+--------+--------+--------+-----+--------+

Top non-repeatable levels by time:
     D:6: 1276 daAuts
     D:8: 1197 daAuts
     D:3: 1121 daAuts
     D:7: 1079 daAuts
     D:5: 927 daAuts
     D:2: 882 daAuts
     D:4: 571 daAuts
     D:1: 510 daAuts
  Bailey: 236 daAuts
     D:9: 45 daAuts
  Temple: 38 daAuts
